 Dungeon Crawl Stone Soup version 0.13-a0-2942-g3a822f8 (console) character file.

306 Kellhus the Ruinous (level 5, 29/29 HPs)
             Began as an Octopode Wizard on Sept 5, 2013.
             Quit the game on Level 3 of the Dungeon.
             The game lasted 00:03:03 (3351 turns).

Kellhus the Ruinous (Octopode Wizard)               Turns: 3351, Time: 00:03:03

HP  29/29        AC  1     Str  6      XL: 5   Next: 35%
MP   7/12        EV  9     Int 21      God:
Gold 153         SH  0     Dex 11      Spells:  1 memorised,  9 levels left

Res.Fire  : . . .   See Invis. : .   (no weapon)
Res.Cold  : . . .   Warding    : .   (no shield)
Life Prot.: . . .   Conserve   : .   b - +0 wizard hat
Res.Poison: .       Res.Corr.  : .   (no amulet)
Res.Elec. : .       Clarity    : .   o - cursed -3 ring of evasion
Sust.Abil.: . .     Spirit.Shd : .   (no ring)
Res.Mut.  : .       Stasis     : .   (no ring)
Res.Rott. : .       Flight     : .   (no ring)
Saprovore : . . .                    (no ring)
                                     (no ring)
                                     (no ring)
                                     (no ring)

@: slightly resistant to hostile enchantments, quite stealthy
A: almost no armour, amphibious, 8 rings, constrict 8, camouflage 1, AC +1
a: no special abilities


You were on level 3 of the Dungeon.
You were very hungry.

You visited 1 branch of the dungeon, and saw 3 of its levels.

You collected 133 gold pieces.

Inventory:

Armour
 b - a +0 wizard hat (worn)
Comestibles
 d - 2 bread rations
 f - a meat ration
 g - a choko
Scrolls
 e - 2 scrolls of random uselessness {unknown}
 i - a scroll of identify {unknown}
 j - a scroll of remove curse {unknown}
 m - a scroll of recharging {unknown}
Jewellery
 o - a cursed -3 ring of evasion (left tentacle)
Potions
 a - a potion of curing {unknown}
 h - a potion of brilliance {unknown}
 k - a potion of confusion {unknown}
 l - a potion of mutation {unknown}
 n - a potion of restore abilities {unknown}
Books
 c - a book of Minor Magic

   Spells                             Type                      Level
   *Magic Dart                        Conjuration                  1
   Blink                              Translocation                2
   Call Imp                           Summoning                    2
   Repel Missiles                     Charms/Air                   2
   Slow                               Hexes                        2
   Conjure Flame                      Conjuration/Fire             3
   Mephitic Cloud                     Conjuration/Poison/Air       3


   Skills:
 - Level 2.0 Dodging
 - Level 2.6 Stealth
 - Level 3.0 Spellcasting
 + Level 5.0 Conjurations
   Level 1.0 Summonings
   Level 1.0 Translocations


You had 9 spell levels left.
You knew the following spells:

 Your Spells              Type           Power        Failure   Level  Hunger
a - Magic Dart            Conj           ###.         1%          1    None


Dungeon Overview and Level Annotations

Branches:
Dungeon (3/27)

Altars:

Annotations:
D:3 exclusion: orc priest, Grinder, Sigmund


Innate Abilities, Weirdness & Mutations

You cannot wear most types of armour.
You are amphibious.
You can wear up to eight rings at the same time.
You can use your tentacles to constrict many enemies at once.
Your skin changes colour to match your surroundings (Stlth).
Your rubbery body absorbs attacks (AC +1).


Message History

Press: ? - help, Shift-Dir - straight line, f/p - orc
Aim: an orc, wielding an orcish hand axe and wearing a robe The magic dart hits the orc.
The orc is heavily wounded.
Casting: Magic Dart
Confirm with . or Enter, or press ? or * to list all spells.
Aiming: Magic Dart
Press: ? - help, Shift-Dir - straight line, f/p - orc
Aim: an orc, wielding an orcish hand axe and wearing a robe (heavily wounded)
The magic dart hits the orc.
The orc is heavily wounded.
Casting: Magic Dart
Confirm with . or Enter, or press ? or * to list all spells.
Aiming: Magic Dart
Press: ? - help, Shift-Dir - straight line, f/p - orc
Aim: an orc, wielding an orcish hand axe and wearing a robe (heavily wounded)
The magic dart hits the orc.
The orc is almost dead.
An orc is nearby!
Are you sure you want to abandon this character and quit the game? (Confirm with "yes".)

######## #.# ########## #.#
#.# #.# #.# #########
#########.# #.......#
#.........# #.#####.#
##.######..######.#####.#
#......##...@..o.....##.#
##
#..###.##...##.##.##.##.#
#. #..#
#..................# #.
#..# ####...###.#.....>.#
#.
#..######.........#..##.#
#.
###..........####.#.#.###.#
#. #...########.#
#.#.#%###.# #. #.### ##'##
#.........# #. #.#
##...#######.##### ##


You could see an orc.

Vanquished Creatures
  Jessica (D:3)
  A gnoll (D:1)
  6 adders
  4 giant geckos
  3 oozes
  4 orcs (D:3)
  3 ball pythons
  3 giant cockroaches
  5 hobgoblins
  13 bats
  3 giant newts
  8 goblins
  8 kobolds
  A quokka (D:1)
  5 rats
68 creatures vanquished.

Notes
Turn   | Place    | Note
--------------------------------------------------------------
     0 | D:1      | Kellhus, the Octopode Wizard, began the quest for the Orb.
     0 | D:1      | Reached XP level 1. HP: 9/9 MP: 5/5
   356 | D:1      | Reached XP level 2. HP: 15/15 MP: 5/7
   815 | D:1      | Reached XP level 3. HP: 19/19 MP: 1/9
  1680 | D:2      | Reached XP level 4. HP: 25/25 MP: 9/11
  1802 | D:2      | Reached skill level 4 in Conjurations
  2332 | D:3      | Noticed Sigmund
  2696 | D:3      | Noticed Grinder
  2848 | D:3      | Noticed Jessica
  2851 | D:3      | Killed Jessica
  2851 | D:3      | Reached XP level 5. HP: 29/29 MP: 9/12
  2889 | D:3      | Reached skill level 5 in Conjurations
  3351 | D:3      | Quit the game

Action                   |  1- 3 |  4- 6 || total
-------------------------+-------+-------++-------
Melee: Unarmed           |     3 |     9 ||    12
 Cast: Magic Dart        |    73 |    86 ||   159
